 Dungeon Sprint DCSS version 0.30.0-7-g0c4daa9e05 (webtiles) character file.

Game seed: 8063003204601529785

144023 EarthwalkerPL the Conqueror (level 16, -7/183 HPs)
             Began as a Minotaur Fighter on May 13, 2023.
             Was the Champion of the Shining One.
             Mangled by the 26-headed Lernaean hydra (10 damage)
             ... while paralysed by a floating eye
             ... in the Dungeon (Sprint V: "Ziggurat Sprint").
             The game lasted 00:51:55 (2986 turns).

EarthwalkerPL the Conqueror (Minotaur Fighter)      Turns: 2986, Time: 00:51:57

Health: -7/183     AC: 48    Str: 22    XL:     16   Next: 84%
Magic:  8/28       EV:  2    Int:  5    God:    the Shining One [******]
Gold:   0          SH:  0    Dex: 23    Spells: 15/15 levels left

rFire   . . .        v - +10 zealot's sword {holy, Zealotry, *Rage rN+ EV+3}
rCold   + . .        E - +18 shield of the Gong {Loud rN+ Will+ rCorr EV-5}
rNeg    + + +        D - +15 Maxwell's patent armour {-Cast -Tele rElec Will+ rCorr}
rPois   +            (helmet restricted)
rElec   +            n - +2 cloak {Will+}
rCorr   +            b - +2 pair of gloves {hurl}
SInv    .            s - +3 pair of mountain boots {steadfast, rC+}
Will    +++++        R - amulet "Xyttourch" {Reflect Rampage SH+5} Stlth
                     K - ring of the Imbibing King {rPois Will+ Dex+6}
HPRegen 0.50/turn    J - ring "Orucakol" {Contam Fly rPois Dex+4 Slay+3}
MPRegen 0.21/turn

%: no teleportation, no spellcasting, random rage (20%), reflection, rampage
@: paralysed, divinely shielded, flying, glowing, studying 3 skills
A: horns 2, retaliatory headbutt, clumsy 2
a: Renounce Religion, Divine Shield, Cleansing Flame, Summon Divine Warrior,
Brand Weapon With Holy Wrath


You were in the Dungeon.
You worshipped the Shining One.
The Shining One was exalted by your worship.
You visited 1 branch

Inventory:

Hand Weapons
 v - the +10 zealot's sword (weapon) {holy, Zealotry, *Rage rN+ EV+3}
   (You found it in the Dungeon)

   Zealotry:  Whenever the wielder enters a berserk rage, their allies are
   berserked alongside them.
   EV:        It affects your evasion (+3).
   rN:        It protects you from negative energy.
   *Rage:     It berserks you when you make melee attacks (+20% chance).
 C - a +9 heavy double sword
 F - the +11 Singing Sword {sonic wave}
   (You found it in the Dungeon)
 G - the +9 sword of Power {lifebolt}
   (You found it in the Dungeon)
 P - a +2 eudemon blade of holy wrath
Armour
 a - a +5 crystal plate armour
 b - a +2 pair of gloves of hurling (worn)
 c - a +3 tower shield
 n - a +2 cloak of willpower (worn)
 s - the +3 pair of mountain boots (worn) {steadfast, rC+}
   (You found it in the Dungeon)

   Steadfast: It prevents involuntary movement, except for blinking,
   teleportation, or banishment.
   rC:        It protects you from cold.
 D - the +15 Maxwell's patent armour (worn) {-Cast -Tele rElec Will+ rCorr}
   (You found it in the Dungeon)

   rElec:     It insulates you from electricity.
   -Cast:     It prevents spellcasting.
   -Tele:     It prevents most forms of teleportation.
   rCorr:     It protects you from acid and corrosion.
   Will:      It increases your willpower.
 E - the +18 shield of the Gong (worn) {Loud rN+ Will+ rCorr EV-5}
   (You found it in the Dungeon)

   Loud:      It is deafeningly noisy when blocking attacks.
   EV:        It affects your evasion (-5).
   rN:        It protects you from negative energy.
   rCorr:     It protects you from acid and corrosion.
   Will:      It increases your willpower.
Jewellery
 t - an amulet of faith
 w - an amulet of guardian spirit
 x - a ring of the Octopus King {rCorr HP+2 AC+2 EV+2 SH+2}
   (You took it off a yaktaur captain in the Dungeon)

   [ring of resist corrosion]

   AC:        It affects your AC (+2).
   EV:        It affects your evasion (+2).
   HP:        It affects your health (+2).
   rCorr:     It protects you from acid and corrosion.
   SH:        It affects your SH (+2).
 y - a ring of willpower
 H - a ring of poison resistance
 I - the ring of the Sunfish {Fly rPois MP+9 Str+2 Int-2}
   (You found it in the Dungeon)

   [ring of flight]

   Str:       It affects your strength (+2).
   Int:       It affects your intelligence (-2).
   rPois:     It protects you from poison.
   MP:        It affects your magic capacity (+9).
   Fly:       It grants you flight.
 J - the ring "Orucakol" (right hand) {Contam Fly rPois Dex+4 Slay+3}
   (You found it in the Dungeon)

   [ring of flight]

   Dex:       It affects your dexterity (+4).
   Slay:      It affects your accuracy & damage with ranged weapons and melee
   (+3).
   rPois:     It protects you from poison.
   Fly:       It grants you flight.
   Contam:    It causes magical contamination when unequipped.
 K - the ring of the Imbibing King (left hand) {rPois Will+ Dex+6}
   (You took it off a deep elf knight in the Dungeon)

   [ring of dexterity]

   Dex:       It affects your dexterity (+6).
   rPois:     It protects you from poison.
   Will:      It increases your willpower.
 L - a ring of protection from fire
 Q - a ring of fire
 R - the amulet "Xyttourch" (around neck) {Reflect Rampage SH+5}
   (You found it in the Dungeon)

   [amulet of reflection]

   It reflects blocked missile attacks.
   SH:        It affects your SH (+5).
   Rampage:   It bestows one free step when moving towards enemies.
 U - the amulet "Kimp" {rElec rN+ Regen+ Int+2}
   (You took it off a deep elf high priest in the Dungeon)

   [amulet of regeneration]

   Int:       It affects your intelligence (+2).
   rElec:     It insulates you from electricity.
   rN:        It protects you from negative energy.
   Regen:     It increases your rate of health regeneration.
 V - the necklace of Bloodlust {Fury *Rage Will++ Int-3 Slay+6}
   (You found it in the Dungeon)

   [amulet of nothing]

   Fury:      It extends the wearer's berserk rage when killing foes.
   Int:       It affects your intelligence (-3).
   Slay:      It affects your accuracy & damage with ranged weapons and melee
   (+6).
   *Rage:     It berserks you when you make melee attacks (+50% chance).
   Will:      It greatly increases your willpower.
 W - the ring of Daafuetu {rPois Dex+6}
   (You took it off a deep elf zephyrmancer in the Dungeon)

   [ring of dexterity]

   Dex:       It affects your dexterity (+6).
   rPois:     It protects you from poison.
 Y - a ring of magical power
 Z - the ring of Kehobar {rElec Int+4 SInv}
   (You took it off a purple draconian in the Dungeon)

   [ring of see invisible]

   Int:       It affects your intelligence (+4).
   rElec:     It insulates you from electricity.
   SInv:      It lets you see invisible.
Wands
 z - a wand of roots (63) (quivered)
 A - a wand of mindburst (22)
 B - a wand of light (36)
 M - a wand of paralysis (23)
 N - a wand of flame (69)
 O - a wand of polymorph (22)
 X - a wand of digging (28)
Scrolls
 j - 4 scrolls of blinking
 o - 4 scrolls of amnesia
 p - 7 scrolls of fog
 q - 5 scrolls of identify
 r - a scroll of fear
 u - a scroll of brand weapon
Potions
 d - 7 potions of might
 e - 8 potions of curing
 f - 4 potions of heal wounds
 g - 13 potions of haste
 h - 7 potions of magic
 i - 3 potions of berserk rage
 k - 2 potions of brilliance
 l - 2 potions of invisibility
 m - 4 potions of resistance
Miscellaneous
 S - a box of beasts
 T - a piece from Xom's chessboard (15/15)


   Skills:
 O Level 27 Fighting
 - Level 8.9(18.5) Short Blades
 O Level 27 Long Blades
 + Level 23.1 Armour
 * Level 25.8 Dodging
 * Level 23.4 Shields
 + Level 19.6 Invocations
 + Level 16.2 Evocations


You had 15 spell levels left.
You didn't know any spells.
Your spell library contained the following spells:

 Spells                   Type           Power      Damage    Failure   Level
 Apportation              Tloc           0%         N/A       97%         1
 Foxfire                  Conj/Fire      0%         2x1d4     97%         1
 Kiss of Death            Conj/Necr      0%         2d5       97%         1
 Magic Dart               Conj           0%         1d3       97%         1
 Call Imp                 Summ           0%         N/A       99%         2
 Ensorcelled Hibernation  Hex/Ice        0%         N/A       99%         2
 Lesser Beckoning         Tloc           0%         N/A       99%         2
 Passwall                 Tmut/Erth      0%         N/A       99%         2
 Poisonous Vapours        Pois/Air       0%         N/A       99%         2
 Confusing Touch          Hex            0%         N/A       100%        3
 Dazzling Flash           Conj/Hex       0%         N/A       100%        3
 Gell's Gravitas          Tloc           0%         N/A       100%        3
 Hailstorm                Conj/Ice       0%         3d3       100%        3
 Ignite Poison            Fire/Tmut/Pois 0%         N/A       100%        3
 Inner Flame              Hex/Fire       0%         N/A       100%        3
 Mephitic Cloud           Conj/Pois/Air  0%         N/A       100%        3
 Portal Projectile        Hex/Tloc       0%         N/A       100%        3
 Spider Form              Tmut/Pois      0%         N/A       100%        3
 Stone Arrow              Conj/Erth      0%         3d7       100%        3
 Swiftness                Air            0%         N/A       100%        3
 Teleport Other           Tloc           0%         N/A       100%        3
 Tukima's Dance           Hex            0%         N/A       100%        3
 Vhi's Electric Charge    Tloc/Air       0%         N/A       100%        3
 Volatile Blastmotes      Fire/Tloc      0%         2d10      100%        3
 Anguish                  Hex/Necr       0%         N/A       100%        4
 Animate Armour           Summ/Erth      0%         N/A       100%        4
 Dispel Undead            Necr           0%         3d6       100%        4
 Flame Wave               Conj/Fire      0%         2d4       100%        4
 Fulminant Prism          Conj/Hex       0%         3d5       100%        4
 Ice Form                 Ice/Tmut       0%         N/A       100%        4
 Iskenderun's Mystic Bla  Conj/Tloc      0%         2d3       100%        4
 Leda's Liquefaction      Hex/Erth       0%         N/A       100%        4
 Passage of Golubria      Tloc           0%         N/A       100%        4
 Petrify                  Tmut/Erth      0%         N/A       100%        4
 Summon Ice Beast         Ice/Summ       0%         N/A       100%        4
 Alistair's Intoxication  Tmut/Pois      0%         N/A       100%        5
 Arcjolt                  Conj/Air       0%         1d10      100%        5
 Blade Hands              Tmut           0%         N/A       100%        5
 Fireball                 Conj/Fire      0%         3d3       100%        5
 Freezing Cloud           Conj/Ice/Air   0%         6-21      100%        5
 Iskenderun's Battlesphe  Conj           0%         2d6       100%        5
 Lee's Rapid Deconstruct  Erth           0%         3d4*      100%        5
 Summon Forest            Summ/Tloc      0%         N/A       100%        5
 Yara's Violent Unravell  Hex/Tmut       0%         3d3       100%        5
 Eringya's Noxious Bog    Tmut/Pois      0%         N/A       100%        6
 Iron Shot                Conj/Erth      0%         9d1       100%        6
 Plasma Beam              Fire/Air       0%         2x1d11    100%        6
 Simulacrum               Ice/Necr       0%         N/A       100%        6
 Starburst                Conj/Fire      0%         6d3       100%        6
 Statue Form              Tmut/Erth      0%         N/A       100%        6
 Enfeeble                 Hex            0%         N/A       100%        7
 Monstrous Menagerie      Summ           0%         N/A       100%        7
 Spellforged Servitor     Conj/Summ      0%         N/A       100%        7
 Storm Form               Tmut/Air       0%         N/A       100%        7
 Summon Hydra             Summ           0%         N/A       100%        7
 Borgnjor's Revivificati  Necr           0%         N/A       100%        8
 Ignition                 Fire           0%         3d3       100%        8
 Necromutation            Tmut/Necr      0%         N/A       100%        8


Dungeon Overview and Level Annotations

Branches:
Dungeon (1/1)

Altars:
Ashenzari
Cheibriados
Dithmenos
Elyvilon
Fedhas
Gozag
Hepliaklqana
Kikubaaqudgha
Makhleb
Nemelex Xobeh
Okawaru
Qazlal
Ru
Sif Muna
Trog
Uskayaw
Vehumet
Wu Jian
Xom
Yredelemnul
Zin
The Shining One
Jiyva
Lugonu

Annotations:
D 1 transporter, Aizul, Asmodeus, Boris, Crazy Yiuf, Dissolution, Edmund, Erica, Frederick, Harold, Ilsuiw, Jory, Lernaean hydra, Mara, Margery, Nellie, Pargi, Pikel, Psyche, Saint Roka, Sojobo, Sonja, Tiamat, Urug, Xtahua


Innate Abilities, Weirdness & Mutations

You have a pair of horns on your head.
You reflexively headbutt those who attack you in melee.
You are very clumsy. (Dex -4)


Message History

The 26-headed Lernaean hydra bites you but does no damage. x2
You block the 26-headed Lernaean hydra's attack.
BONNNG!
You block the 26-headed Lernaean hydra's attack.
BONNNG!
The 26-headed Lernaean hydra bites you but does no damage. x3
You block the 26-headed Lernaean hydra's attack.
GONNNNG!
The 26-headed Lernaean hydra bites you but does no damage. x3
You block the 26-headed Lernaean hydra's attack.
BOUMMMMG!
The floating eye's stare focuses on you.
Margery hits you with a +4 great mace of flaming.
* * * LOW HITPOINT WARNING * * *
Margery burns you.
* * * LOW HITPOINT WARNING * * *
Saint Roka invokes the aid of Beogh against you.
Beogh smites you!
* * * LOW HITPOINT WARNING * * *
Jory hits you but does no damage. Jory bites you but does no damage.
Mara blinks!
Pargi hisses menacingly.
Psyche mumbles some strange words.
Psyche flickers and vanishes for a moment.
The floating eye gazes piercingly through you!
You suddenly lose the ability to move!
Aizul hisses menacingly.
The 26-headed Lernaean hydra bites you but does no damage. x4
The 26-headed Lernaean hydra bites you.
* * * LOW HITPOINT WARNING * * *
The 26-headed Lernaean hydra bites you but does no damage.
The 26-headed Lernaean hydra bites you.
* * * LOW HITPOINT WARNING * * *
The 26-headed Lernaean hydra bites you but does no damage. x5
The 26-headed Lernaean hydra barely misses you.
The 26-headed Lernaean hydra bites you but does no damage. x2
The 26-headed Lernaean hydra barely misses you.
The 26-headed Lernaean hydra bites you but does no damage.
The 26-headed Lernaean hydra bites you!
You die... ▓........©........ ▓▓▓▓▓▓▓▓▓▓▓▓▓▓▓▓▓▓ ▓.......8© ▓..:○○°°=.K ▓EogG&E○☼@| ▓EEQmG☼○°○g

▓TK@@E9K..D
▓@VJDGG....
▓@Dod@@@...
▓..YE......
▓..L.S§....
▓..........
▓................
▓................
▓................
▓................
▓................


You could see Asmodeus (clouds), Tiamat, Nellie, Saint Roka, Jory, Dissolution,
Margery, Frederick, Boris (invisible), Ilsuiw (empowered, invisible), the
26-headed Lernaean hydra, Sojobo (repels missiles), Aizul, Xtahua, a spellforged
servitor (summoned), Harold, Urug (strong), Erica (invisible), Edmund, 3 water
elementals, Psyche (invisible), Pikel, Pargi, 3 air elementals, Sonja, Crazy
Yiuf, 3 floating eyes and a golden eye (summoned).

Vanquished Creatures
  A pearl dragon (D)
  12 Orb Guardians (D)
  An Ice Fiend (D)
  4 tentacled monstrosities (D)
  Rupert (D)
  4 deep elf master archers (D)
  An acid blob (D)
  4 deep elf blademasters (D)
  A death cob (D)
  A storm dragon (D)
  2 narguns (D)
  2 rockslimes (D)
  A daeva (D)
  2 nagarajas (D)
  A draconian knight (D)
  A frost giant (D)
  4 deep elf sorcerers (D)
  A draconian scorcher (D)
  An angel (D)
  A stone giant (D)
  A quicksilver ooze (D)
  A very ugly thing (D)
  5 green draconians (D)
  5 black draconians (D)
  2 white draconians (D)
  An apis (D)
  5 deep elf annihilators (D)
  2 purple draconians (D)
  5 yellow draconians (D)
  3 red draconians (D)
  2 dire elephants (D)
  A wendigo (D)
  An entropy weaver (shapeshifter) (D)
  A great orb of eyes (D)
  4 deep elf high priests (D)
  A merfolk javelineer (D)
  2 yaktaur captains (D)
  An anaconda (shapeshifter) (D)
  4 catoblepae (D)
  3 centaur warriors (D)
  A naga warrior (D)
  4 anacondas (D)
  A death scarab (D)
  3 dancing weapons (D)
  2 deep elf knights (D)
  A fire crab (shapeshifter) (D)
  2 cherubim (D)
  A death drake (shapeshifter) (D)
  An orb spider (shapeshifter) (D)
  5 deep elf archers (D)
  A lindwurm (D)
  An ironbound convoker (D)
  5 deep elf pyromancers (D)
  A mana viper (shapeshifter) (D)
  3 deep elf zephyrmancers (D)
  3 ugly things (D)
  2 shining eyes (D)
  5 cyclopes (D)
  5 toenail golems (D)
  2 elephants (D)
  4 guardian serpents (D)
  3 moths of wrath (D)
  7 black mambas (D)
  4 naga magi (D)
  A torpor snail (D)
  5 cane toads (D)
  A freezing wraith (D)
  A komodo dragon (D)
  A polar bear (D)
  A guardian mummy (D)
  3 merfolk (D)
  A tarantella (shapeshifter) (D)
  2 blink frogs (D)
  A dream sheep (shapeshifter) (D)
  A flying skull (D)
  5 slime creatures (D)
  A vampire (D)
  2 fire elementals (D)
  3 water elementals (D)
  5 yaks (D)
  A golden eye (D)
  2 neqoxecs (D)
  A redback (shapeshifter) (D)
  5 nagas (D)
  7 water moccasins (D)
  Duvessa (D)
  2 floating eyes (D)
  A black bear (shapeshifter) (D)
  2 wolves (D)
  4 centaurs (D)
  A phantom (D)
  3 bullfrogs (D)
  A necrophage (D)
  A crimson imp (D)
  A jelly (D)
  Terence (D)
  3 mummies (D)
  2 adders (D)
  A shadow imp (D)
  A white imp (D)
  An ufetubus (D)
  An adder zombie (D)
  3 adder simulacra (D)
  4 ball pythons (D)
  2 ball python simulacra (D)
  A ball python skeleton (D)
250 creatures vanquished.

Vanquished Creatures (collateral kills)
  3 deep elf blademasters (D)
  A lich (D)
  2 deep elf master archers (D)
  A nargun (D)
  A merfolk javelineer (D)
  A yaktaur captain (D)
  2 deep elf high priests (D)
  An anaconda (D)
  2 centaur warriors (D)
  2 dancing weapons (D)
  A vampire mage (D)
  A fire crab (shapeshifter) (D)
  2 cherubim (D)
  An orb spider (shapeshifter) (D)
  2 deep elf archers (D)
  2 deep elf zephyrmancers (D)
  A wolf spider (shapeshifter) (D)
  A faun (shapeshifter) (D)
  A naga mage (D)
  4 black mambas (D)
  A cane toad (D)
  A hellion (D)
  2 yaktaurs (D)
  A slime creature (shapeshifter) (D)
  A jumping spider (shapeshifter) (D)
  6 shadows (D)
  A fire elemental (D)
  A neqoxec (D)
  A water moccasin (D)
  A necrophage (D)
  A wight (D)
  An adder zombie (D)
  An adder skeleton (D)
  A ball python (D)
  A bat simulacrum (D)
  A giant cockroach simulacrum (D)
54 creatures vanquished.

Vanquished Creatures (others)
  A dancing weapon (D)
  A deep elf pyromancer (D)
  2 adder simulacra (D)
  A ball python (D)
  A giant cockroach simulacrum (D)
6 creatures vanquished.

Grand Total: 310 creatures vanquished

Notes
Turn   | Place    | Note
-------+----------+-------------------------------------------
     0 | D        | EarthwalkerPL the Minotaur Fighter began the quest for the
                  | Orb.
     0 | D        | Reached XP level 1. HP: 19/19 MP: 0/0
     0 | D        | Found a shimmering blue altar of Sif Muna.
     0 | D        | Found a sacrificial altar of Ru.
     0 | D        | Found a bloodstained altar of Trog.
     0 | D        | Found a stormy altar of Qazlal.
     0 | D        | Found an iron altar of Okawaru.
     0 | D        | Found a sparkling altar of Nemelex Xobeh.
     0 | D        | Found a blossoming altar of Fedhas.
     0 | D        | Found the +6 Majin-Bo {spellvamp, MP+6 Int+6}
     0 | D        | Found the +27 heavy crossbow "Sniper" {heavy, Acc+∞ SInv}
     0 | D        | Found the +10 dark maul {heavy}
     0 | D        | Found the +15 Maxwell's patent armour {-Cast -Tele rElec
                  | Will+ rCorr}
     0 | D        | Found the +18 shield of the Gong {Loud rN+ Will+ rCorr
                  | EV-5}
     0 | D        | Found the +16 obsidian axe {drain, demonic, Mesm Drain Fly
                  | SInv}
     0 | D        | Found the +7 great mace "Firestarter" {flame, immolate,
                  | rFlCloud rF++}
     0 | D        | Found the +6 shillelagh "Devastator" {shatter}
     0 | D        | Found the +11 plutonium sword {Contam Stlth-}
     0 | D        | Found the +8 lance "Wyrmbane" {slay drac, rPois rF+ rC+
                  | AC+3}
     0 | D        | Found the +9 sword of Zonguldrok {reap}
     0 | D        | Found the +13 scythe of Curses {drain, curses, Drain}
     0 | D        | Found the +9 sword of Power {lifebolt}
     0 | D        | Found the +7 mace of Variability {chaos, chaos arc}
     0 | D        | Found the +11 Singing Sword {sonic wave}
     0 | D        | Found the +8 storm bow {elec, penet}
     2 | D        | Found a transporter.
     2 | D        | Found an ancient bone altar of Kikubaaqudgha.
     2 | D        | Found a viscous altar of Jiyva.
     2 | D        | Found a corrupted altar of Lugonu.
     2 | D        | Found a hazy altar of Hepliaklqana.
     2 | D        | Found a burning altar of Makhleb.
     2 | D        | Found an opulent altar of Gozag.
    14 | D        | Banished a spatial maelstrom
    27 | D        | Banished a spatial maelstrom
    71 | D        | Reached XP level 2. HP: 34/34 MP: 1/1
    87 | D        | Became a worshipper of the Shining One
   102 | D        | Entered arena 2.
   102 | D        | Noticed an ironbound convoker
   102 | D        | Noticed a great orb of eyes
   102 | D        | Found a transporter.
   107 | D        | Killed an ironbound convoker
   108 | D        | Reached XP level 3. HP: 39/47 MP: 2/2
   108 | D        | Reached XP level 4. HP: 46/55 MP: 3/3
   108 | D        | Reached XP level 5. HP: 51/61 MP: 4/4
   108 | D        | Reached XP level 6. HP: 56/68 MP: 5/5
   110 | D        | Killed a great orb of eyes
   111 | D        | Reached skill level 10 in Shields
   111 | D        | Reached XP level 7. HP: 66/78 MP: 6/6
   111 | D        | Reached XP level 8. HP: 72/85 MP: 7/7
   148 | D        | Entered arena 3.
   148 | D        | Reached * piety under the Shining One
   148 | D        | Reached ** piety under the Shining One
   148 | D        | Found a transporter.
   153 | D        | Reached skill level 10 in Long Blades
   153 | D        | Reached skill level 1 in Dodging
   155 | D        | Reached *** piety under the Shining One
   167 | D        | Got the ring of the Sunfish {Fly rPois MP+9 Str+2 Int-2}
   170 | D        | Entered arena 4.
   170 | D        | Found a transporter.
   172 | D        | Paralysed by a floating eye for 4 turns
   177 | D        | Paralysed by a floating eye for 2 turns
   181 | D        | Reached skill level 1 in Invocations
   181 | D        | Reached skill level 1 in Evocations
   204 | D        | Entered arena 5.
   204 | D        | Reached **** piety under the Shining One
   204 | D        | Reached ***** piety under the Shining One
   204 | D        | Found a transporter.
   217 | D        | Got the ring "Orucakol" {Contam Fly rPois Dex+4 Slay+3}
   221 | D        | Got the ring "Fuanol" {rPois rF- Slay+2 SInv}
   226 | D        | Entered arena 6.
   226 | D        | Noticed a toenail golem
   226 | D        | Noticed a toenail golem
   226 | D        | Noticed a toenail golem
   226 | D        | Noticed a toenail golem
   226 | D        | Noticed a toenail golem
   226 | D        | Found a transporter.
   232 | D        | Killed a toenail golem
   233 | D        | Reached XP level 9. HP: 94/94 MP: 8/10
   234 | D        | Killed a toenail golem
   235 | D        | Reached skill level 5 in Dodging
   235 | D        | Killed a toenail golem
   237 | D        | Killed a toenail golem
   241 | D        | Killed a toenail golem
   246 | D        | Got the Almanac of Pyromancy
   248 | D        | Got the amulet "Isof" {Faith Str+4}
   277 | D        | Entered arena 7.
   277 | D        | Noticed a merfolk
   277 | D        | Reached ****** piety under the Shining One
   277 | D        | Noticed a merfolk
   277 | D        | Noticed a merfolk
   281 | D        | Found a transporter.
   285 | D        | Killed a merfolk
   286 | D        | Killed a merfolk
   287 | D        | Reached skill level 15 in Fighting
   287 | D        | Reached XP level 10. HP: 105/105 MP: 12/12
   319 | D        | Entered arena 8.
   319 | D        | Noticed a black mamba
   320 | D        | Found a transporter.
   323 | D        | Killed a black mamba
   324 | D        | Reached skill level 5 in Invocations
   337 | D        | Got the Omnibus of the Icicle and Therianthropy
   343 | D        | Entered arena 9.
   343 | D        | Noticed a death scarab
   347 | D        | Killed a death scarab
   348 | D        | Reached skill level 5 in Evocations
   355 | D        | Found a transporter.
   378 | D        | Entered arena 10.
   378 | D        | Noticed a deep elf zephyrmancer
   378 | D        | Noticed a deep elf pyromancer
   378 | D        | Noticed a deep elf pyromancer
   378 | D        | Noticed a deep elf knight
   378 | D        | Noticed a deep elf archer
   378 | D        | Noticed a deep elf zephyrmancer
   387 | D        | Killed a deep elf zephyrmancer
   387 | D        | Killed a deep elf archer
   388 | D        | Found a transporter.
   389 | D        | Killed a deep elf pyromancer
   391 | D        | Killed a deep elf knight
   392 | D        | Reached skill level 10 in Dodging
   392 | D        | Reached XP level 11. HP: 108/115 MP: 11/14
   393 | D        | Killed a deep elf pyromancer
   397 | D        | Killed a deep elf zephyrmancer
   403 | D        | Got the amulet "Xyttourch" {Reflect Rampage SH+5}
   462 | D        | Entered arena 11.
   462 | D        | Found the +5 robe of Night {Dark Will+ SInv}
   475 | D        | Reached skill level 15 in Long Blades
   477 | D        | Found a transporter.
   484 | D        | Got the ring of Temptation {Wiz rPois rC+}
   489 | D        | Got the Secrets of Sweltering Iniquitous Arts
   493 | D        | Got the +0 pair of boots of Zolac {rF+ Int+2}
   506 | D        | Entered arena 12.
   506 | D        | Noticed a brown ugly thing
   506 | D        | Noticed a white very ugly thing
   512 | D        | a slime creature changed into a fire dragon
   512 | D        | Noticed a fire dragon (glowing shapeshifter)
   513 | D        | a fire dragon changed into a ghost moth
   513 | D        | Noticed a ghost moth (glowing shapeshifter)
   514 | D        | Noticed a sea snake
   515 | D        | a sea snake changed into a shock serpent
   515 | D        | Noticed a shock serpent (glowing shapeshifter)
   516 | D        | a shock serpent changed into a sea snake
   516 | D        | Noticed a sea snake (glowing shapeshifter)
   517 | D        | Killed a brown ugly thing
   518 | D        | Killed a white very ugly thing
   518 | D        | a ghost moth changed into a radroach
   518 | D        | Noticed a radroach (glowing shapeshifter)
   520 | D        | a radroach changed into an anaconda
   520 | D        | Noticed an anaconda (glowing shapeshifter)
   521 | D        | a water nymph changed into a death drake
   521 | D        | Noticed a death drake (glowing shapeshifter)
   522 | D        | Killed an anaconda
   522 | D        | a sea snake changed into an orb spider
   522 | D        | Noticed an orb spider (glowing shapeshifter)
   523 | D        | Killed an orb spider
   524 | D        | Found a transporter.
   525 | D        | Killed a death drake
   548 | D        | Acquired a manual of Short Blades
   573 | D        | Entered arena 13.
   573 | D        | Noticed an acid blob
   573 | D        | Noticed a rockslime
   579 | D        | Noticed a quicksilver ooze
   581 | D        | Killed a rockslime
   585 | D        | Killed a quicksilver ooze
   586 | D        | Reached skill level 15 in Armour
   586 | D        | Reached XP level 12. HP: 80/127 MP: 13/17
   586 | D        | Killed an acid blob
   586 | D        | Noticed a rockslime
   593 | D        | Killed a rockslime
   594 | D        | Reached skill level 5 in Short Blades
   598 | D        | Found a transporter.
   607 | D        | Got the ring of Fedhas's Envy {Drain rElec rF++ rCorr
                  | Dex+2}
   705 | D        | Entered arena 14.
   713 | D        | Noticed a yellow draconian
   713 | D        | Noticed a black draconian
   713 | D        | Noticed a yellow draconian
   713 | D        | Noticed a purple draconian
   713 | D        | Noticed a white draconian
   713 | D        | Noticed a white draconian
   713 | D        | Noticed a black draconian knight
   713 | D        | Noticed a yellow draconian
   715 | D        | Noticed a green draconian
   715 | D        | Noticed a red draconian
   715 | D        | Noticed a black draconian
   715 | D        | Noticed a green draconian
   722 | D        | Killed a yellow draconian
   726 | D        | Killed a purple draconian
   728 | D        | HP: 1/129 [white draconian/blast of cold (15)]
   734 | D        | Killed a green draconian
   738 | D        | Killed a red draconian
   738 | D        | Killed a black draconian
   739 | D        | Reached skill level 15 in Shields
   739 | D        | Killed a white draconian
   741 | D        | Killed a black draconian
   742 | D        | Killed a yellow draconian
   743 | D        | Killed a green draconian
   743 | D        | Killed a white draconian
   743 | D        | Killed a yellow draconian
   746 | D        | The Shining One protects you from harm!
   747 | D        | HP: 1/132 [black draconian knight/bolt of lightning (10)]
   750 | D        | Killed a black draconian knight
   751 | D        | Reached XP level 13. HP: 22/139 MP: 8/19
  1025 | D        | Found a transporter.
  1050 | D        | Entered arena 15.
  1055 | D        | Noticed a lich
  1055 | D        | Found the +10 zealot's sword {holy, Zealotry, *Rage rN+
                  | EV+3}
  1078 | D        | Killed a lich
  1079 | D        | Reached skill level 15 in Dodging
  1079 | D        | Reached skill level 10 in Invocations
  1091 | D        | Found a transporter.
  1104 | D        | Got the Parchment of the Geologist and Kinetic Energy
  1136 | D        | Entered arena 16.
  1140 | D        | Found the +2 Maxwell's thermic engine {flame, freeze, rev}
  1143 | D        | Gained mutation: You are clumsy. (Dex -2) [a neqoxec]
  1143 | D        | Gained mutation: You are very clumsy. (Dex -4) [a shining
                  | eye]
  1144 | D        | Found a transporter.
  1182 | D        | Got the ring of Starshine {+Blink rPois}
  1213 | D        | Entered arena 17.
  1220 | D        | Noticed an angel
  1220 | D        | Found the necklace of Bloodlust {Fury *Rage Will++ Int-3
                  | Slay+6}
  1220 | D        | Found the +8 mithril axe "Arga" {speed, Will+}
  1220 | D        | Noticed an apis
  1221 | D        | Noticed a pearl dragon
  1228 | D        | Identified the +3 longbow of Zeyrchiah {elec, Drain rF-
                  | Dex+7}
  1228 | D        | Noticed a daeva
  1235 | D        | Killed a pearl dragon
  1239 | D        | Killed an apis
  1246 | D        | Killed an angel
  1252 | D        | Reached skill level 10 in Evocations
  1255 | D        | Killed a daeva
  1262 | D        | Found the +7 lajatang of Order {silver, rMut}
  1263 | D        | Found a transporter.
  1302 | D        | Entered arena 18.
  1308 | D        | Noticed a wendigo
  1308 | D        | Noticed a nargun
  1309 | D        | Noticed a nargun
  1309 | D        | Noticed a frost giant
  1316 | D        | Killed a nargun
  1323 | D        | Noticed a nargun
  1324 | D        | Noticed an Ice Fiend
  1328 | D        | Killed a nargun
  1331 | D        | Killed a frost giant
  1334 | D        | Killed a nargun
  1335 | D        | Reached XP level 14. HP: 108/152 MP: 21/21
  1353 | D        | Killed an Ice Fiend
  1358 | D        | Found the +3 pair of mountain boots {steadfast, rC+}
  1359 | D        | Found a transporter.
  1518 | D        | Entered arena 19.
  1526 | D        | Noticed a deep elf master archer
  1529 | D        | Noticed a stone giant
  1529 | D        | Identified the +7 shortbow of the Skies Above {freeze,
                  | rPois rF- SInv Stlth+}
  1531 | D        | Identified the +5 trident of Animal Spirits {flame, Str+5}
  1537 | D        | Killed a deep elf master archer
  1543 | D        | Found the ring of the Octopus King {rCorr HP+2 AC+2 EV+2
                  | SH+2}
  1550 | D        | Killed a stone giant
  1692 | D        | Found a transporter.
  1740 | D        | Entered arena 20.
  1749 | D        | Noticed a deep elf master archer
  1749 | D        | Noticed a deep elf blademaster
  1749 | D        | Noticed a deep elf master archer
  1749 | D        | Noticed a deep elf blademaster
  1749 | D        | Noticed a deep elf sorcerer
  1751 | D        | Noticed a deep elf blademaster
  1756 | D        | Identified the ring of the Imbibing King {rPois Will+
                  | Dex+6}
  1757 | D        | Killed a deep elf master archer
  1758 | D        | Killed a deep elf blademaster
  1763 | D        | Killed a deep elf blademaster
  1765 | D        | Killed a deep elf master archer
  1774 | D        | Killed a deep elf sorcerer
  1777 | D        | Noticed a deep elf master archer
  1778 | D        | Killed a deep elf blademaster
  1787 | D        | Noticed a deep elf sorcerer
  1788 | D        | Identified the +0 short sword of Lust {vamp, *Rage Int+8
                  | Dex+4}
  1788 | D        | Noticed a deep elf sorcerer
  1789 | D        | Killed a deep elf master archer
  1795 | D        | Killed a deep elf sorcerer
  1799 | D        | Killed a deep elf sorcerer
  1807 | D        | Reached XP level 15. HP: 91/166 MP: 19/25
  2016 | D        | Found a transporter.
  2092 | D        | Entered arena 21.
  2122 | D        | Reached skill level 15 in Invocations
  2172 | D        | Found a transporter.
  2257 | D        | Entered arena 22.
  2265 | D        | Noticed a deep elf blademaster
  2265 | D        | Noticed a deep elf master archer
  2265 | D        | Noticed a deep elf blademaster
  2265 | D        | Noticed a deep elf sorcerer
  2273 | D        | Killed a deep elf blademaster
  2277 | D        | Identified the staff of cold "Zutz" {*Corrode rC+ Str+4}
  2278 | D        | Killed a deep elf blademaster
  2280 | D        | Identified the +8 scimitar "Spiderbane" {chaos, Drain rC+
                  | rCorr SInv}
  2281 | D        | Killed a deep elf master archer
  2285 | D        | Identified the +5 quarterstaff of Ruination {freeze, rElec}
  2286 | D        | Noticed a deep elf blademaster
  2286 | D        | Identified the +1 ring mail of the Spheres {Dex+3}
  2286 | D        | Noticed a deep elf master archer
  2288 | D        | Identified the staff of fire "Ocwi" {rPois rF+ Will+ rCorr}
  2292 | D        | Killed a deep elf sorcerer
  2293 | D        | Killed a deep elf blademaster
  2293 | D        | Identified the ring of Daafuetu {rPois Dex+6}
  2294 | D        | Noticed a deep elf blademaster
  2300 | D        | Killed a deep elf blademaster
  2302 | D        | Killed a deep elf master archer
  2303 | D        | Identified the +6 scale mail of Charity {rElec Int+3 Dex-3}
  2303 | D        | Identified the amulet "Kimp" {rElec rN+ Regen+ Int+2}
  2314 | D        | Found a transporter.
  2463 | D        | Entered arena 23.
  2472 | D        | Noticed a death cob
  2472 | D        | Noticed a red draconian scorcher
  2472 | D        | Noticed an Orb Guardian
  2473 | D        | Noticed a tentacled monstrosity
  2473 | D        | Noticed a tentacled monstrosity
  2473 | D        | Noticed an Orb Guardian
  2474 | D        | Noticed a tentacled monstrosity
  2476 | D        | Noticed a tentacled monstrosity
  2476 | D        | Noticed an Orb Guardian
  2477 | D        | Killed a death cob
  2477 | D        | Noticed an Orb Guardian
  2477 | D        | Noticed an Orb Guardian
  2478 | D        | Identified the ring of Kehobar {rElec Int+4 SInv}
  2479 | D        | Noticed an Orb Guardian
  2479 | D        | Noticed an Orb Guardian
  2479 | D        | Noticed a storm dragon
  2481 | D        | Noticed an Orb Guardian
  2481 | D        | Noticed an Orb Guardian
  2482 | D        | Noticed an Orb Guardian
  2482 | D        | Noticed an Orb Guardian
  2483 | D        | Noticed an Orb Guardian
  2485 | D        | Killed an Orb Guardian
  2486 | D        | Killed a tentacled monstrosity
  2486 | D        | Killed a tentacled monstrosity
  2486 | D        | Killed an Orb Guardian
  2486 | D        | Killed an Orb Guardian
  2487 | D        | Killed an Orb Guardian
  2487 | D        | Killed a tentacled monstrosity
  2487 | D        | Killed a tentacled monstrosity
  2488 | D        | Reached skill level 27 in Fighting
  2488 | D        | Reached XP level 16. HP: 170/183 MP: 21/27
  2488 | D        | Killed an Orb Guardian
  2489 | D        | Killed an Orb Guardian
  2489 | D        | Killed an Orb Guardian
  2490 | D        | Killed an Orb Guardian
  2491 | D        | Killed an Orb Guardian
  2491 | D        | Killed an Orb Guardian
  2492 | D        | Reached skill level 27 in Long Blades
  2494 | D        | Killed a storm dragon
  2500 | D        | Reached skill level 15 in Evocations
  2500 | D        | Killed an Orb Guardian
  2515 | D        | Found a transporter.
  2518 | D        | Killed an Orb Guardian
  2734 | D        | Got Sowkicoh's Elucidation of the Remoulded Torch
  2740 | D        | Got the Directory of the Bouncing Spines
  2810 | D        | Entered arena 24.
  2879 | D        | Found a transporter.
  2904 | D        | Got the Catalogue of the Coruscating Lungs
  2929 | D        | Got Koso Siuqe's Atlas of the Dose and Accompaniment
  2956 | D        | Entered arena 25.
  2970 | D        | Noticed Saint Roka
  2970 | D        | Noticed Duvessa
  2970 | D        | Noticed Erica
  2970 | D        | Noticed Harold
  2970 | D        | Noticed Boris
  2970 | D        | Noticed Rupert
  2970 | D        | Noticed Mara
  2970 | D        | Noticed Margery
  2970 | D        | Noticed Dissolution
  2971 | D        | Noticed Nellie
  2971 | D        | Noticed the 27-headed Lernaean hydra
  2972 | D        | Noticed Terence
  2972 | D        | Noticed Jory
  2972 | D        | Noticed Sojobo
  2972 | D        | Noticed Edmund
  2972 | D        | Noticed Pargi
  2972 | D        | Noticed Ilsuiw
  2972 | D        | Found the +4 dragonskin cloak
  2972 | D        | Noticed Tiamat
  2972 | D        | Noticed Pikel
  2972 | D        | Noticed Frederick
  2972 | D        | Noticed Psyche
  2972 | D        | Noticed Crazy Yiuf
  2972 | D        | Noticed Xtahua
  2972 | D        | Noticed Sonja
  2973 | D        | Found a transporter.
  2976 | D        | Noticed Urug
  2978 | D        | Killed Rupert
  2978 | D        | Paralysed by a floating eye for 3 turns
  2982 | D        | Killed Terence
  2982 | D        | Noticed Aizul
  2982 | D        | Found the +13 sceptre of Asmodeus
  2982 | D        | Noticed Asmodeus
  2983 | D        | Killed Duvessa
  2985 | D        | HP: 7/183 [Saint Roka/divine providence (12)]
  2985 | D        | Paralysed by a floating eye for 4 turns
  2986 | D        | HP: 3/183 [the 26-headed Lernaean hydra (3)]
  2986 | D        | Mangled by the 26-headed Lernaean hydra

Illustrated notes

Levels and vault maps discovered:
D:        sprint_v [room_start, room_1, room_2, room_3, room_4, room_5, room_6,
          room_7, room_8, room_9, room_10, room_11, room_12, room_13, room_14,
          room_15, room_16, room_17, room_18, room_19, room_20, room_21,
          room_22, room_23, room_24, room_25, room_26, room_27]

Skill      XL: |  1  2  3  4  5  6  7  8  9 10 11 12 13 14 15 16 |
---------------+-------------------------------------------------+-----
Fighting       | 7 11 12 13 15 16 18 19 21 24 27 | 27.0
Long Blades    | 6 8 9 11 12 14 16 18 20 23 26 27 | 27.0
Armour         | 9 11 12 13 15 16 17 19 21 23 | 23.1
Shields        | 8 10 11 12 13 14 15 16 18 20 23 | 23.4
Dodging        | 4 7 10 12 14 17 19 22 25 | 25.8
Invocations    | 2 4 6 8 9 11 14 17 19 | 19.6
Evocations     | 2 4 5 7 8 10 12 14 16 | 16.2
Short Blades   | 3 8 |  8.9

Action                     |  1- 3 |  4- 6 |  7- 9 | 10-12 | 13-15 | 16-18 || total
---------------------------+-------+-------+-------+-------+-------+-------++-------
  Melee: Double sword      |     4 |     3 |    29 |    94 |    87 |    24 ||   241
         Headbutt          |       |       |     3 |    14 |    78 |    23 ||   118
         Eudemon blade     |       |       |       |       |   163 |    55 ||   218
 Invoke: Divine Shield     |       |       |       |     7 |     9 |     2 ||    18
         Cleansing Flame   |       |       |       |     2 |     7 |     9 ||    18
         Summon Divine War |       |       |       |       |     7 |     2 ||     9
  Evoke: Wand              |       |       |       |       |     4 |       ||     4
         Box of beasts     |       |       |       |       |     1 |       ||     1
    Use: Potion            |     1 |       |       |     5 |     7 |       ||    13
         Scroll            |       |       |       |     7 |     6 |       ||    13
 Armour: Plate armour      |     1 |       |    11 |    12 |    97 |   114 ||   235
  Dodge: Dodged            |     1 |       |     4 |    10 |    62 |    69 ||   146
  Block: Kite shield       |     3 |     1 |    18 |   136 |   505 |   260 ||   923
         Tower shield      |       |       |    17 |       |       |       ||    17
         Reflection        |       |       |       |     2 |    53 |    10 ||    65
